 Dungeon Crawl Stone Soup version 0.26-a0-854-gdc81c2f471 (webtiles) character file.

Game seed: 2871408647336409066

7783 Gezukamaru the Covert (level 11, -7/58 HPs)
             Began as a Spriggan Brigand on Nov 22, 2020.
             Was a Priest of Dithmenos.
             Mangled by a four-headed hydra (12 damage)
             ... on level 1 of the Lair of Beasts.
             The game lasted 00:46:58 (12457 turns).

Gezukamaru the Covert (Spriggan Brigand)           Turns: 12457, Time: 00:46:59

Health: -7/58      AC:  3    Str:  7    XL:     11   Next: 1%
Magic:  0/18       EV: 27    Int: 14    God:    Dithmenos [***...]
Gold:   664        SH:  0    Dex: 20    Spells: 5/18 levels left

rFire    + . .     SeeInvis +   H - +2 short sword (drain)
rCold    . . .     Faith    .   (shield restricted)
rNeg     . . .     Spirit   +   b - +1 robe
rPois    .         Reflect  .   (helmet restricted)
rElec    .         Harm     .   u - scarf {shadows}
rCorr    .         Rampage  .   (gloves unavailable)
MR       +....                  (boots unavailable)
Stlth    ++++++....             B - amulet of guardian spirit
HPRegen  0.19/turn              h - +4 ring of evasion
MPRegen  0.16/turn              C - ring of protection from fire

@: confusing touch, wreathed by umbra, very quick
A: very small, unfitting armour, see invisible, speed 3
a: Shadow Step, Renounce Religion


You were on level 1 of the Lair of Beasts.
You worshipped Dithmenos.
Dithmenos was most pleased with you.
You visited 3 branches of the dungeon, and saw 12 of its levels.

You collected 664 gold pieces.

Inventory:

Hand Weapons
 a - a +2 dagger
 z - a +2 spectral quarterstaff
 H - a +2 short sword of draining (weapon)
 P - a +2 dagger of draining
Missiles
 d - 20 poisoned darts (quivered)
 S - 8 atropa-tipped darts
Armour
 b - a +1 robe (worn)
 c - a +0 cloak
 m - a +0 buckler
 u - a scarf of shadows (worn)
 y - a scarf of harm
Jewellery
 h - a +4 ring of evasion (left hand)
 p - an uncursed ring of see invisible
 A - an uncursed ring of flight
 B - an amulet of guardian spirit (around neck)
 C - a ring of protection from fire (right hand)
 K - an uncursed ring of protection from cold {unknown}
 Q - an uncursed ring of wizardry {unknown}
 T - a +4 ring of evasion
Wands
 e - a wand of iceblast (9)
 q - a wand of flame (15)
 L - a wand of acid (9)
 N - a wand of digging (3)
 X - a wand of enslavement (5)
Scrolls
 f - 11 scrolls of identify {unknown}
 g - 3 scrolls of magic mapping {unknown}
 j - 5 scrolls of teleportation
 k - 2 scrolls of fear {unknown}
 l - 2 scrolls of noise {unknown}
 n - 5 scrolls of amnesia
 r - 9 scrolls of remove curse {unknown}
 t - 2 scrolls of enchant weapon
 v - 2 scrolls of enchant armour
 w - 3 scrolls of immolation {unknown}
 F - 3 scrolls of random uselessness {unknown}
 I - 2 scrolls of vulnerability
 J - a scroll of summoning {unknown}
 R - a scroll of acquirement {unknown}
 U - a scroll of brand weapon {unknown}
Potions
 i - 8 potions of degeneration {unknown}
 o - 2 potions of flight {unknown}
 s - a potion of curing
 x - 2 potions of lignification {unknown}
 D - a potion of mutation {unknown}
 E - 2 potions of attraction
 G - a potion of haste {unknown}
 M - 3 potions of might {unknown}
 O - a potion of brilliance {unknown}
 V - a potion of heal wounds
 W - a potion of invisibility {unknown}


   Skills:
 + Level 7.4 Fighting
 + Level 9.6 Short Blades
 - Level 3.0 Throwing
 - Level 7.0 Dodging
 - Level 10.0 Stealth
 - Level 4.0 Shields
 + Level 4.4 Spellcasting
 + Level 6.3 Hexes
 + Level 4.6 Translocations


You had 5 spell levels left.
You knew the following spells:

 Your Spells              Type           Power        Failure   Level
a - Confusing Touch       Hex            ##......     4%          3
b - Blink                 Tloc           N/A          4%          2
c - Tukima's Dance        Hex            ##......     4%          3
d - Ensorcelled Hibernat  Hex/Ice        #.....       8%          2
e - Teleport Other        Tloc           #.......     9%          3

Your spell library contained the following spells:

 Spells                   Type           Power        Failure   Level
 Corona                   Hex            ##.....      1%          1
 Slow                     Hex            ##......     1%          2
 Gell's Gravitas          Tloc           #.........   9%          3
 Lesser Beckoning         Tloc           #.........   9%          3
 Dazzling Flash           Conj/Hex       #.....       16%         3
 Magic Dart               Conj           #...         19%         1
 Passage of Golubria      Tloc           N/A          26%         4
 Call Imp                 Summ           #.......     28%         2
 Conjure Flame            Conj/Fire      #.......     50%         3
 Mephitic Cloud           Conj/Pois/Air  #.......     50%         3
 Metabolic Englaciation   Hex/Ice        #.........   80%         5
 Yara's Violent Unravell  Hex/Tmut       #.........   80%         5
 Petrify                  Tmut/Erth      #.......     88%         4


Dungeon Overview and Level Annotations

Branches:
Dungeon (10/15)            Temple (1/1) D:5            Lair (1/6) D:8
    Orc: D:9-12

Altars:
Ashenzari
Cheibriados
Dithmenos
Elyvilon
Fedhas
Gozag
Hepliaklqana
Kikubaaqudgha
Makhleb
Nemelex Xobeh
Okawaru
Qazlal
Ru
Sif Muna
Trog
Uskayaw
Vehumet
Wu Jian
Xom
Yredelemnul
Zin
The Shining One

Shops:
D:5 !

Annotations:
D:4 Grinder
D:8 3 runed translucent doors


Innate Abilities, Weirdness & Mutations

You are very small and have problems with some larger weapons.
You are too small for most types of armour.
You have supernaturally acute eyesight. (SInv)
You cover ground extremely quickly.


Message History

The four-headed hydra completely misses you.
The four-headed hydra barely misses you.
The four-headed hydra misses you.
You hit the four-headed hydra but do no damage.
You hit the four-headed hydra but do no damage.
The four-headed hydra completely misses you.
The four-headed hydra bites you.
The four-headed hydra barely misses you. x2
You hit the four-headed hydra but do no damage.
You hit the four-headed hydra but do no damage.
The four-headed hydra closely misses you.
The four-headed hydra barely misses you.
The four-headed hydra bites you!
* * * LOW HITPOINT WARNING * * *
The four-headed hydra bites you!
* * * LOW HITPOINT WARNING * * *
You barely miss the four-headed hydra.
The four-headed hydra closely misses you.
The four-headed hydra bites you!
You die...

...### ## ...#..###.
.......................
.......................
...............#......#
.......................
.......................
.....DP........#.......
#..@.....#.......###
#........##.#..###
##......##P.#..#
##P..#.....#.######
#########.#|......
.#####.#.......
.......###.+###
...............
...............


You could see a four-headed hydra.

Vanquished Creatures
  An unseen horror (D:7)
  Pikel (D:9)
  Joseph (D:7)
  2 trolls (D:9)
  A wyvern (D:8)
  Grum (D:8)
  3 water moccasins
  Duvessa (D:7)
  A sky beast (D:5)
  5 ice beasts
  2 orc warriors
  A phantom (D:7)
  7 black bears
  An ogre (D:5)
  6 wolves
  5 centaurs
  2 lemures (D:9)
  7 bullfrogs
  A water moccasin skeleton (D:4)
  5 scorpions
  Dowan (D:7)
  11 killer bees
  10 wights
  3 howler monkeys
  A bullfrog zombie (D:6)
  A crimson imp (D:5)
  2 centaur skeletons (D:9)
  3 jellies
  7 orc priests
  2 gnoll shamans
  2 hounds (D:9)
  5 iguanas
  2 orc wizards (D:7)
  4 worker ants
  A hound zombie (D:6)
  A hound skeleton (D:6)
  3 worker ant zombies
  6 adders
  7 gnolls
  A shadow imp (D:8)
  3 white imps
  2 ufetubi
  2 oozes
  2 adder skeletons
  An adder zombie (D:5)
  A worm (D:4)
  2 dart slugs (D:2)
  2 leopard geckos
  21 orcs
  12 bats
  4 giant cockroaches
  8 goblins
  13 hobgoblins
  2 jackals (D:7)
  4 quokkas
  2 ball pythons
  3 frilled lizards (D:1)
  5 kobolds
  A leopard gecko zombie (D:5)
  A quokka skeleton (D:8)
  8 rats
226 creatures vanquished.

Vanquished Creatures (collateral kills)
  An orc (D:9)
1 creature vanquished.

Vanquished Creatures (others)
  2 dancing weapons (D:9)
  An orc wizard (D:7)
  47 fungi (D:8)
  44 plants
94 creatures vanquished.

Grand Total: 321 creatures vanquished

Notes
Turn   | Place    | Note
-------+----------+-------------------------------------------
     0 | D:1      | Gezukamaru the Spriggan Brigand began the quest for the
                  | Orb.
     0 | D:1      | Reached XP level 1. HP: 10/10 MP: 2/2
   109 | D:1      | Reached skill level 6 in Stealth
   130 | D:1      | Reached XP level 2. HP: 15/15 MP: 3/3
   653 | D:1      | Reached XP level 3. HP: 18/18 MP: 4/4
   669 | D:1      | You fall into a shaft and drop 1 floor!
  1128 | D:2      | Reached skill level 1 in Spellcasting
  1128 | D:2      | Reached XP level 4. HP: 23/23 MP: 6/6
  2205 | D:4      | Reached XP level 5. HP: 26/26 MP: 6/8
  2421 | D:4      | Reached skill level 7 in Stealth
  2667 | D:4      | Reached XP level 6. HP: 32/32 MP: 9/9
  3119 | D:5      | Entered Level 5 of the Dungeon
  3329 | D:5      | Noticed Grinder
  3665 | D:5      | Found a staircase to the Ecumenical Temple.
  3710 | Temple   | Entered the Ecumenical Temple
  3791 | Temple   | Became a worshipper of Dithmenos the Shadowed
  4122 | D:5      | Reached skill level 5 in Dodging
  4247 | D:5      | Noticed a sky beast
  4251 | D:5      | Killed a sky beast
  4252 | D:5      | Reached skill level 8 in Stealth
  4252 | D:5      | Reached XP level 7. HP: 36/36 MP: 10/10
  4306 | D:5      | Learned a level 3 spell: Confusing Touch
  4385 | D:5      | Reached skill level 1 in Hexes
  4847 | D:5      | Found Popp's Distillery.
  5153 | D:6      | Reached skill level 5 in Short Blades
  5188 | D:6      | Reached * piety under Dithmenos
  5303 | D:6      | Found an opulent altar of Gozag.
  5365 | D:6      | Reached XP level 8. HP: 42/42 MP: 11/11
  5402 | D:6      | Reached skill level 9 in Stealth
  5982 | D:7      | Noticed Dowan
  5983 | D:7      | Noticed Duvessa
  6005 | D:7      | Killed Dowan
  6035 | D:7      | Killed Duvessa
  6395 | D:7      | Found a flagged portal.
  6397 | D:7      | Noticed an unseen horror
  6400 | D:7      | Reached skill level 1 in Shields
  6416 | D:7      | Noticed Joseph
  6755 | D:8      | Reached skill level 5 in Fighting
  6808 | D:8      | Learned a level 2 spell: Blink
  6889 | D:8      | Reached XP level 9. HP: 16/47 MP: 6/12
  6898 | D:8      | Reached skill level 1 in Translocations
  7343 | D:8      | Found a staircase to the Lair.
  7371 | D:8      | Found a radiant altar of Vehumet.
  7436 | D:8      | Reached skill level 5 in Hexes
  7615 | D:8      | Noticed Grum
  7646 | D:8      | Killed Grum
  7781 | D:8      | Reached ** piety under Dithmenos
  8165 | D:8      | Found a runed translucent gate.
  8165 | D:8      | Found a runed translucent gate.
  8166 | D:8      | Found a runed translucent gate.
  8166 | D:8      | Noticed a white ugly thing
  8168 | D:8      | Noticed a white ugly thing
  8168 | D:8      | Noticed a green ugly thing
  8170 | D:8      | Noticed a brown ugly thing
  8672 | D:7      | Killed an unseen horror
  8673 | D:7      | Reached XP level 10. HP: 17/53 MP: 6/14
  8925 | D:7      | Killed Joseph
 10175 | D:8      | Learned a level 3 spell: Tukima's Dance
 10178 | D:8      | Learned a level 2 spell: Ensorcelled Hibernation
 10247 | D:8      | Noticed a white ugly thing
 10289 | D:9      | Noticed Pikel
 10294 | D:9      | Killed Pikel
 10674 | D:9      | Reached skill level 10 in Stealth
 10756 | D:9      | Reached *** piety under Dithmenos
 11928 | D:10     | Entered Level 10 of the Dungeon
 12112 | Lair:1   | Entered Level 1 of the Lair of Beasts
 12179 | Lair:1   | Learned a level 3 spell: Teleport Other
 12267 | Lair:1   | Reached XP level 11. HP: 37/58 MP: 3/18
 12442 | Lair:1   | Noticed a four-headed hydra
 12457 | Lair:1   | Mangled by a four-headed hydra

Illustrated notes

Levels and vault maps discovered:
D:1:      shiori_arrival_elements, layout_loops_ring, minmay_hexomino_f4
D:2:      layout_rooms, serial_corexii_hall, corexii_hall_statues_x,
          chequers_hall_statues_y, chequers_hall_statues_corner_a
D:3:      layout_loops_cross, kennysheep_nondescript, minivault_14
D:4:      layout_loops_ring, minmay_small_thing
D:5:      layout_basic, minmay_temple_entry_large_hall, serial_shops, shop,
          chequers_decorated_corner, minmay_fire_ice_demons, uniq_grinder
D:6:      layout_basic, basic_altar
D:7:      layout_basic, enter_bailey_8, st_stairs_14,
          kennysheep_generic_room_16, uniq_duvessa, uniq_joseph
D:8:      layout_basic, vehumet_altar_wand_db, due_lair_maze_entry_diamond,
          ploomutoo_gammafunk_ghost_potion_laboratory, glass_columns_a,
          grunt_ministairs_13, st_stairs_5, uniq_grum
D:9:      layout_loops_ring, uniq_pikel
D:10:     layout_cave_pools
Temple:   compressed_dpeg_circular_temple
Lair:1:   layout_chaotic_city, lemuel_fruit_fields, lemuel_fruit_tree

Skill      XL: |  1  2  3  4  5  6  7  8  9 10 |
---------------+-------------------------------+-----
Stealth        | 6 7 8 9 10 | 10.0
Dodging        | 2 3 4 5 7 |  7.0
Fighting       | 2 3 5 6 7 |  7.4
Spellcasting   | 1 2 4 |  4.4
Short Blades   | 3 4 5 6 8 9 |  9.6
Throwing       | 3 |  3.0
Hexes          | 3 4 5 6 |  6.3
Shields        | 2 4 |  4.0
Translocations | 4 |  4.6

Action                   |  1- 3 |  4- 6 |  7- 9 | 10-12 || total
-------------------------+-------+-------+-------+-------++-------
Melee: Dagger            |   113 |   177 |       |       ||   290
       Short sword       |       |     1 |   425 |   452 ||   878
Throw: Dart              |     5 |    30 |    60 |    23 ||   118
 Cast: Tukima's Dance    |       |       |       |     8 ||     8
       Ensorcelled Hiber |       |       |       |     5 ||     5
       Confusing Touch   |       |       |       |     4 ||     4
Evoke: Wand              |       |       |     1 |       ||     1
  Use: Scroll            |       |       |     5 |       ||     5
       Potion            |       |       |     5 |       ||     5
 Stab: Sleeping          |    16 |    15 |    18 |    18 ||    67
       Distracted        |       |     1 |       |       ||     1
       Confused          |       |       |       |     1 ||     1
Armor: Robe              |    11 |     6 |    19 |    12 ||    48
Dodge: Dodged            |    70 |   122 |   636 |   383 ||  1211

Table legend: (Time is in decaauts)
 A = Elapsed time spent in this place.
 B = Non-inter-level travel time spent in this place.
 C = Inter-level travel time spent in this place.
 D = Time resting spent in this place.
 E = Time spent auto-exploring this place.
 F = Levels seen in this place.
 G = Mean time per level.
                   A        B        C        D        E       F      G
               +--------+--------+--------+--------+--------+-----+--------+
         Total |   9366 |   9095 |    271 |   1831 |   5097 |  12 |  780.5 |
       Dungeon |   9043 |   8779 |    264 |   1724 |   4982 |  10 |  904.3 |
        Temple |     55 |     50 |      5 |      0 |     21 |   1 |   55.0 |
          Lair |    267 |    267 |      0 |    107 |     93 |   1 |  267.0 |
               +--------+--------+--------+--------+--------+-----+--------+

Top non-repeatable levels by time:
     D:8: 1901 daAuts
     D:7: 1529 daAuts
     D:9: 1364 daAuts
     D:5: 1276 daAuts
     D:4: 735 daAuts
     D:6: 669 daAuts
     D:2: 533 daAuts
     D:1: 526 daAuts
     D:3: 489 daAuts
  Lair:1: 267 daAuts
  Temple: 55 daAuts
    D:10: 18 daAuts
